 Dungeon Crawl Stone Soup version 0.29-a0-214-g17f627cfee (webtiles) character file.

Game seed: 1493472112591236905

112 Hasart the Bolt Thrower (level 4, -2/37 HPs)
             Began as a Demigod Hunter on Feb 24, 2022.
             Slain by an orc warrior
             ... wielding a +0 short sword
              (17 damage)
             ... on level 3 of the Dungeon.
             The game lasted 00:03:03 (2358 turns).

Hasart the Bolt Thrower (Demigod Hunter)            Turns: 2358, Time: 00:03:04

Health: -2/37      AC:  5    Str: 13    XL:     4   Next: 37%
Magic:  6/6        EV: 12    Int: 13    God:
Gold:   140        SH:  0    Dex: 18    Spells: 3/3 levels left

rFire   . . .      SeeInvis .   a - +1 hand crossbow
rCold   . . .      Faith    .   (no shield)
rNeg    . . .      Spirit   .   b - +0 leather armour
rPois   .          Reflect  .   (no helmet)
rElec   .          Harm     .   (no cloak)
rCorr   .          Rampage  .   (no gloves)
Will    .....                   p - +1 pair of boots
Stlth   ++........              (no amulet)
HPRegen 0.12/turn               i - ring of flight
MPRegen 0.10/turn               (no ring)

@: flying
A: high MP 1, forlorn, divine attributes
a: no special abilities


You were on level 3 of the Dungeon.
You visited 1 branch of the dungeon, and saw 4 of its levels.

You collected 140 gold pieces.

Inventory:

Hand Weapons
 a - a +1 hand crossbow (weapon)
Armour
 b - a +0 leather armour (worn)
 p - a +1 pair of boots (worn)
Jewellery
 i - a ring of flight (left hand)
 k - an amulet of magic regeneration
Scrolls
 c - 2 scrolls of identify {unknown}
 h - 2 scrolls of magic mapping {unknown}
 l - a scroll of fog {unknown}
 n - a scroll of teleportation {unknown}
 o - a scroll of blinking {unknown}
Potions
 d - 3 potions of berserk rage {unknown}
 e - a potion of degeneration {unknown}
 f - a potion of invisibility {unknown}
 g - a potion of ambrosia {unknown}
 j - a potion of curing {unknown}
 m - a potion of mutation {unknown}
 q - a potion of attraction {unknown}


   Skills:
 + Level 2.5 Fighting
 * Level 4.4 Crossbows
 + Level 2.5 Dodging
 + Level 2.0 Stealth


You had 3 spell levels left.
You didn't know any spells.
Your spell library contained the following spells:

 Spells                   Type           Power      Damage    Failure   Level
 Gell's Gravitas          Tloc           0%         N/A       75%         3
 Lesser Beckoning         Tloc           0%         N/A       75%         3
 Teleport Other           Tloc           0%         N/A       75%         3


Dungeon Overview and Level Annotations

Branches:
Dungeon (4/15)
 Temple: D:4-7


Innate Abilities, Weirdness & Mutations

You have an increased reservoir of magic. (+10% MP)
You shall have no god before yourself.
Your divine heritage dramatically boosts your attributes as you level up.


Message History

A bat comes into view.
A bat is nearby!
A bat is nearby!
You shoot a bolt. The bolt barely misses the bat.
The bat completely misses you.
You shoot a bolt.
The bolt hits the bat but does no damage.
The bat closely misses you. The bat misses you.
You shoot a bolt. The bolt completely misses the bat.
The bat hits you but does no damage.
You shoot a bolt. The bolt closely misses the bat.
The bat completely misses you.
You shoot a bolt. The bolt hits the bat!
You kill the bat!
No target in view!
No target in view!
As you open the door, it creaks loudly!
There is an open door here.
You reach down and open the door.
Found a dagger.
There is an open door here.
You reach down and open the door.
You reach down and open the door.
The orc warrior shouts!
You hear a shout!
An orc comes into view. It is wielding a +0 mace.
You reach down and close the door.
Really attack while wielding your +1 hand crossbow?
Okay, then.
Unknown command.
There is an open door here.
There's a creature in the doorway!
You shoot a bolt. The bolt hits the orc warrior.
The orc warrior is lightly wounded.
The orc warrior hits you with a +0 short sword!
Unknown command.
You shoot a bolt.
The bolt hits the orc warrior but does no damage.
The orc warrior is lightly wounded.
The orc warrior hits you with a +0 short sword! x2
You die...

##......................#.......#
#.....^................#.......#
#......................#.......#
##......................#.......#
.'......................+.......#
##......................#.......#
+......................#.......#
##...............o......##'######
................@o......##.#
...............###'##+#.##.#
.............[.###.## #.##'######
...............+.... #.#........
..............)###+####o#........
...########........o.............
... #.....................) ###
#..............########
#..............#


You could see an orc warrior and an orc.

Vanquished Creatures
  4 gnolls (D:2)
  An adder (D:3)
  2 dart slugs
  An orc (D:3)
  7 bats
  2 endoplasms
  A giant cockroach (D:1)
  6 goblins
  6 hobgoblins
  6 jackals (D:1)
  3 quokkas
  5 ball pythons
  A frilled lizard (D:3)
  6 kobolds
  5 rats
56 creatures vanquished.

Notes
Turn   | Place    | Note
-------+----------+-------------------------------------------
     0 | D:1      | Hasart the Demigod Hunter began the quest for the Orb.
     0 | D:1      | Reached XP level 1. HP: 17/17 MP: 3/3
    24 | D:1      | Reached skill level 1 in Stealth
    85 | D:1      | Reached XP level 2. HP: 24/24 MP: 4/4
   382 | D:1      | Reached skill level 4 in Crossbows
   560 | D:1      | Reached XP level 3. HP: 29/29 MP: 5/5
  1307 | D:2      | Identified the +1 short sword "Geamun" {vamp, Dex+2}
  1414 | D:2      | Reached XP level 4. HP: 8/37 MP: 6/6
  1997 | D:3      | Noticed an orc warrior
  2032 | D:4      | Noticed a phantom
  2358 | D:3      | Slain by an orc warrior

Illustrated notes

Levels and vault maps discovered:
D:1:      saegor_arrival_simple_a, layout_basic,
          shapermc_ecumenical_altar_ellora
D:2:      layout_basic
D:3:      layout_basic, corexii_corridor_pit, minmay_misc_feat_chi,
          grunt_ministairs_4
D:4:      layout_rooms, serial_shops, nicolae_shop_trees

Skill      XL: |  1  2  3  4 |
---------------+-------------+-----
Stealth        | 1 2 |  2.0
Fighting       | 2 |  2.5
Dodging        | 2 |  2.5
Crossbows      | 4 |  4.4

Action                   |  1- 3 |  4- 6 || total
-------------------------+-------+-------++-------
 Fire: Hand crossbow     |   135 |    45 ||   180
Armor: Leather armour    |    17 |     3 ||    20
Dodge: Dodged            |    50 |    13 ||    63

Table legend: (Time is in decaauts)
 A = Elapsed time spent in this place.
 B = Non-inter-level travel time spent in this place.
 C = Inter-level travel time spent in this place.
 D = Time resting spent in this place.
 E = Time spent auto-exploring this place.
 F = Levels seen in this place.
 G = Mean time per level.
                   A        B        C        D        E       F      G
               +--------+--------+--------+--------+--------+-----+--------+
         Total |   2418 |   2382 |     36 |      0 |   1947 |   4 |  604.5 |
       Dungeon |   2418 |   2382 |     36 |      0 |   1947 |   4 |  604.5 |
               +--------+--------+--------+--------+--------+-----+--------+

Top non-repeatable levels by time:
     D:2: 1035 daAuts
     D:1: 819 daAuts
     D:3: 556 daAuts
     D:4: 6 daAuts
